[ AOE2 MATCH · #505718145 ]
UnrankedMalians vs Romans
Player's team · LOSS
Rival team · WIN
[ REPLAY ANALYSIS · EXTRACTED FROM THE RECORDED GAME ]
Feudal
12:42
Castle
16:43
Imperial
—
| APM avg | 68.0 |
| APM peak | 124 |
| eAPM avg | 37.9 |
| Villagers / military | 49 / 16 |
Focus
⚔️ 52.6% · 🌾 47.4%
Gbeto ×10 · Mangonel ×4 · Petard ×2
Feudal
14:18
Castle
19:06
Imperial
—
| APM avg | 58.1 |
| APM peak | 117 |
| eAPM avg | 29.3 |
| Villagers / military | 48 / 14 |
Focus
⚔️ 52.6% · 🌾 47.4%
Scorpion ×6 · Militia ×3 · Scout Cavalry ×2 · Monk ×1 · Knight ×1 · Mangonel ×1
Match map
Initial resources + every placement click. Lines = walls · curves = elevation contours. ◆ gold · ⬟ stone · ● berries · ✦ relic · ◌ wall gap
Your base· ✓ Closed at 16:43 · 48t walls · 1 gate(s)
OS+ | Tiggerr's base· ✓ Closed at 19:06 · 30t walls · 1 gate(s)
Smoothed initial terrain · ◌ = detected wall gap · hover for details
Inputs per minute
— The Illusionist - - OS+ | Tiggerr
Build order — The Illusionist
First 150 of 151 actions detected
| 0:00 | Create | Villager (Male) |
| 0:00 | Create | Villager (Male) |
| 0:01 | Create | Villager (Male) |
| 0:01 | Build | House |
| 0:02 | Build | House |
| 0:07 | Create | Villager (Male) |
| 0:44 | Research | Loom |
| 0:50 | Build | Palisade Wall |
| 0:52 | Build | Palisade Wall |
| 0:54 | Build | Palisade Wall |
| 0:55 | Create | Villager (Male) |
| 1:01 | Create | Villager (Male) |
| 1:01 | Create | Villager (Male) |
| 1:45 | Build | Palisade Wall |
| 1:46 | Build | Palisade Wall |
| 1:49 | Build | Palisade Wall |
| 1:52 | Build | Palisade Wall |
| 1:57 | Build | Palisade Wall |
| 1:58 | Build | Palisade Wall |
| 2:01 | Create | Villager (Male) |
| 2:01 | Create | Villager (Male) |
| 2:45 | Create | Villager (Male) |
| 3:02 | Build | Palisade Wall |
| 3:03 | Build | Palisade Wall |
| 3:10 | Build | Palisade Wall |
| 3:21 | Create | Villager (Male) |
| 3:41 | Build | Palisade Wall |
| 3:55 | Create | Villager (Male) |
| 3:55 | Create | Villager (Male) |
| 4:21 | Create | Villager (Male) |
| 4:21 | Create | Villager (Male) |
| 4:39 | Build | Palisade Wall |
| 4:46 | Build | Palisade Wall |
| 4:52 | Build | Palisade Wall |
| 4:55 | Build | Lumber Camp |
| 4:57 | Create | Villager (Male) |
| 4:57 | Create | Villager (Male) |
| 5:26 | Create | Villager (Male) |
| 5:26 | Create | Villager (Male) |
| 5:33 | Build | Palisade Wall |
| 5:45 | Build | Palisade Wall |
| 5:45 | Build | Palisade Wall |
| 5:46 | Build | Palisade Wall |
| 5:47 | Build | Palisade Wall |
| 5:49 | Create | Villager (Male) |
| 6:00 | Build | House |
| 6:14 | Create | Villager (Male) |
| 6:15 | Create | Villager (Male) |
| 6:15 | Create | Villager (Male) |
| 6:27 | Build | Palisade Wall |
| 6:30 | Build | Palisade Wall |
| 6:31 | Build | Palisade Wall |
| 6:32 | Build | Palisade Wall |
| 6:36 | Build | Palisade Wall |
| 6:38 | Build | Palisade Wall |
| 6:40 | Build | Palisade Wall |
| 6:42 | Build | Palisade Wall |
| 6:45 | Build | Palisade Gate |
| 6:49 | Create | Villager (Male) |
| 7:18 | Create | Villager (Male) |
| 7:22 | Build | House |
| 7:36 | Build | House |
| 7:48 | Create | Villager (Male) |
| 8:15 | Create | Villager (Male) |
| 8:42 | Create | Villager (Male) |
| 8:53 | Create | Villager (Male) |
| 9:18 | Create | Villager (Male) |
| 9:32 | Build | Mill |
| 9:43 | Create | Villager (Male) |
| 10:00 | Create | Villager (Male) |
| 10:22 | Build | Palisade Wall |
| 10:30 | Research | Feudal Age |
| 10:31 | Research | Feudal Age |
| 10:32 | Build | Palisade Wall |
| 10:34 | Build | Palisade Wall |
| 10:49 | Build | Palisade Wall |
| 10:51 | Build | Palisade Wall |
| 10:53 | Build | Palisade Wall |
| 10:55 | Build | Palisade Wall |
| 11:02 | Build | House |
| 11:11 | Build | Palisade Wall |
| 11:13 | Build | Palisade Wall |
| 11:15 | Build | Palisade Wall |
| 11:16 | Build | Palisade Wall |
| 11:17 | Build | Palisade Wall |
| 11:28 | Build | Mining Camp |
| 11:47 | Build | Palisade Wall |
| 12:04 | Build | Palisade Wall |
| 12:42 | Age | Feudal Age |
| 12:44 | Create | Villager (Male) |
| 12:49 | Build | Blacksmith |
| 12:58 | Build | Market |
| 13:11 | Create | Villager (Male) |
| 13:38 | Create | Villager (Male) |
| 14:03 | Research | Castle Age |
| 14:04 | Research | Castle Age |
| 14:04 | Research | Castle Age |
| 14:25 | Build | Mining Camp |
| 14:52 | Build | Palisade Wall |
| 15:16 | Create | Villager (Male) |
| 15:33 | Build | Stone Wall |
| 15:47 | Build | Palisade Wall |
| 15:49 | Build | Palisade Wall |
| 16:35 | Research | Double-Bit Axe |
| 16:35 | Research | Double-Bit Axe |
| 16:43 | Age | Castle Age |
| 16:46 | Create | Villager (Male) |
| 16:51 | Build | Gate |
| 17:19 | Create | Villager (Male) |
| 17:37 | Create | Villager (Male) |
| 17:59 | Build | Castle |
| 18:06 | Create | Villager (Male) |
| 18:20 | Build | Castle |
| 18:25 | Build | House |
| 18:32 | Build | Palisade Wall |
| 18:33 | Build | Stone Wall |
| 18:34 | Build | Stone Wall |
| 18:35 | Create | Villager (Male) |
| 18:49 | Build | Farm |
| 18:57 | Build | Farm |
| 18:58 | Build | Palisade Wall |
| 19:12 | Build | Farm |
| 19:16 | Create | Villager (Male) |
| 19:32 | Create | Gbeto |
| 19:40 | Create | Villager (Male) |
| 20:03 | Create | Gbeto |
| 20:14 | Build | Farm |
| 20:36 | Create | Petard |
| 20:36 | Create | Villager (Male) |
| 20:37 | Create | Villager (Male) |
| 20:38 | Build | Farm |
| 21:03 | Research | Fletching |
| 21:21 | Create | Petard |
| 21:45 | Build | Siege Workshop |
| 21:45 | Create | Villager (Male) |
| 22:10 | Create | Villager (Male) |
| 22:12 | Create | Gbeto |
| 22:13 | Create | Gbeto |
| 22:13 | Create | Villager (Male) |
| 22:16 | Build | Farm |
| 22:23 | Create | Gbeto |
| 22:36 | Create | Mangonel |
| 22:36 | Create | Mangonel |
| 23:05 | Create | Villager (Male) |
| 23:07 | Create | Gbeto |
| 23:07 | Create | Gbeto |
| 23:07 | Create | Gbeto |
| 23:52 | Create | Gbeto |
| 23:52 | Create | Gbeto |
| 24:04 | Create | Mangonel |
Build order — OS+ | Tiggerr
139 actions detected in the replay
| 0:00 | Create | Villager (Male) |
| 0:01 | Create | Villager (Male) |
| 0:02 | Build | House |
| 0:03 | Build | House |
| 0:05 | Create | Villager (Male) |
| 0:16 | Create | Villager (Male) |
| 0:51 | Research | Loom |
| 1:38 | Create | Villager (Male) |
| 2:04 | Create | Villager (Male) |
| 2:21 | Build | Palisade Wall |
| 2:27 | Build | Palisade Wall |
| 2:31 | Build | Palisade Wall |
| 2:33 | Build | Palisade Wall |
| 2:39 | Build | Palisade Wall |
| 2:48 | Create | Villager (Male) |
| 3:16 | Create | Villager (Male) |
| 3:39 | Create | Villager (Male) |
| 3:54 | Build | Palisade Wall |
| 4:02 | Build | Palisade Wall |
| 4:03 | Create | Villager (Male) |
| 4:09 | Build | Palisade Wall |
| 4:10 | Build | Palisade Wall |
| 4:28 | Build | Palisade Wall |
| 4:41 | Create | Villager (Male) |
| 5:17 | Create | Villager (Male) |
| 5:36 | Build | House |
| 5:41 | Create | Villager (Male) |
| 5:57 | Build | Lumber Camp |
| 6:00 | Create | Villager (Male) |
| 6:17 | Build | Palisade Wall |
| 6:22 | Create | Villager (Male) |
| 6:52 | Build | Palisade Wall |
| 6:55 | Create | Villager (Male) |
| 7:05 | Build | Palisade Wall |
| 7:09 | Build | Palisade Wall |
| 7:13 | Create | Villager (Male) |
| 7:16 | Build | Palisade Wall |
| 7:29 | Create | Villager (Male) |
| 8:06 | Build | Barracks |
| 8:13 | Create | Villager (Male) |
| 8:19 | Build | House |
| 8:21 | Build | House |
| 8:34 | Create | Villager (Male) |
| 8:50 | Create | Militia |
| 8:52 | Create | Villager (Male) |
| 9:01 | Create | Villager (Male) |
| 9:09 | Build | Mining Camp |
| 9:20 | Create | Villager (Male) |
| 9:22 | Create | Militia |
| 9:32 | Build | House |
| 9:53 | Create | Militia |
| 9:55 | Create | Villager (Male) |
| 10:04 | Create | Villager (Male) |
| 10:09 | Build | Mill |
| 10:47 | Build | House |
| 11:05 | Build | Palisade Wall |
| 11:12 | Create | Villager (Male) |
| 11:33 | Build | Palisade Wall |
| 11:35 | Build | Palisade Wall |
| 11:41 | Create | Villager (Male) |
| 12:08 | Research | Feudal Age |
| 12:19 | Build | Mill |
| 12:28 | Build | Farm |
| 12:29 | Build | Farm |
| 13:16 | Build | Farm |
| 13:21 | Build | House |
| 14:13 | Create | Villager (Male) |
| 14:18 | Age | Feudal Age |
| 14:22 | Build | Stable |
| 14:28 | Build | Blacksmith |
| 14:40 | Create | Villager (Male) |
| 14:53 | Build | Watch Tower |
| 15:11 | Build | House |
| 15:59 | Create | Villager (Male) |
| 16:06 | Create | Villager (Male) |
| 16:26 | Research | Castle Age |
| 16:27 | Create | Scout Cavalry |
| 16:29 | Research | Double-Bit Axe |
| 16:48 | Build | Lumber Camp |
| 16:57 | Build | Farm |
| 17:17 | Create | Scout Cavalry |
| 17:19 | Research | Horse Collar |
| 17:40 | Build | Palisade Gate |
| 17:41 | Build | Palisade Wall |
| 17:55 | Build | Farm |
| 17:57 | Build | Farm |
| 18:49 | Build | Stone Wall |
| 18:52 | Build | Stone Wall |
| 19:06 | Age | Castle Age |
| 19:13 | Create | Villager (Male) |
| 19:16 | Create | Villager (Male) |
| 19:17 | Build | Market |
| 19:21 | Research | Bow Saw |
| 19:31 | Build | Stone Wall |
| 19:32 | Build | Stone Wall |
| 19:45 | Build | Siege Workshop |
| 19:52 | Create | Villager (Male) |
| 19:53 | Build | Farm |
| 19:57 | Build | Stone Wall |
| 19:58 | Build | Stone Wall |
| 19:58 | Build | Stone Wall |
| 19:59 | Build | Stone Wall |
| 20:01 | Build | Siege Workshop |
| 20:06 | Create | Villager (Male) |
| 20:15 | Create | Villager (Male) |
| 20:21 | Build | Town Center |
| 20:29 | Create | Scorpion |
| 20:39 | Create | Villager (Male) |
| 20:49 | Create | Scorpion |
| 20:50 | Create | Villager (Male) |
| 20:52 | Create | Scorpion |
| 21:08 | Create | Villager (Male) |
| 21:13 | Create | Villager (Male) |
| 21:27 | Build | Stone Wall |
| 21:31 | Create | Scorpion |
| 21:32 | Create | Scorpion |
| 21:36 | Create | Villager (Male) |
| 21:44 | Build | Stone Wall |
| 21:46 | Build | Stone Wall |
| 21:55 | Build | Monastery |
| 21:56 | Create | Villager (Male) |
| 22:10 | Build | Farm |
| 22:13 | Build | Stone Wall |
| 22:14 | Build | Stone Wall |
| 22:17 | Create | Villager (Male) |
| 22:37 | Create | Mangonel |
| 22:50 | Create | Monk |
| 22:51 | Build | Stable |
| 23:00 | Create | Scorpion |
| 23:02 | Create | Villager (Male) |
| 23:04 | Build | Farm |
| 23:05 | Create | Villager (Male) |
| 23:49 | Create | Villager (Male) |
| 23:50 | Create | Knight |
| 23:56 | Build | House |
| 23:56 | Create | Villager (Male) |
| 23:59 | Build | House |
| 24:00 | Build | Farm |
| 24:48 | Create | Villager (Male) |
Match timeline
| 0:50 | The Illusionist · wall_segment Palisade Wall x1 |
| 0:52 | The Illusionist · wall_segment Palisade Wall x1 |
| 0:54 | The Illusionist · wall_segment Palisade Wall x1 |
| 1:45 | The Illusionist · wall_segment Palisade Wall x1 |
| 1:46 | The Illusionist · wall_segment Palisade Wall x1 |
| 1:49 | The Illusionist · wall_segment Palisade Wall x1 |
| 1:52 | The Illusionist · wall_segment Palisade Wall x1 |
| 1:57 | The Illusionist · wall_segment Palisade Wall x1 |
| 1:58 | The Illusionist · wall_segment Palisade Wall x1 |
| 2:21 | OS+ | Tiggerr · wall_segment Palisade Wall x3 |
| 2:27 | OS+ | Tiggerr · wall_segment Palisade Wall x1 |
| 2:31 | OS+ | Tiggerr · wall_segment Palisade Wall x1 |
| 2:33 | OS+ | Tiggerr · wall_segment Palisade Wall x1 |
| 2:39 | OS+ | Tiggerr · wall_segment Palisade Wall x2 |
| 3:02 | The Illusionist · wall_segment Palisade Wall x1 |
| 3:03 | The Illusionist · wall_segment Palisade Wall x1 |
| 3:10 | The Illusionist · wall_segment Palisade Wall x1 |
| 3:41 | The Illusionist · wall_segment Palisade Wall x1 |
| 3:54 | OS+ | Tiggerr · wall_segment Palisade Wall x1 |
| 4:02 | OS+ | Tiggerr · wall_segment Palisade Wall x7 |
| 4:09 | OS+ | Tiggerr · wall_segment Palisade Wall x1 |
| 4:10 | OS+ | Tiggerr · wall_segment Palisade Wall x1 |
| 4:28 | OS+ | Tiggerr · wall_segment Palisade Wall x1 |
| 4:39 | The Illusionist · wall_segment Palisade Wall x1 |
| 4:46 | The Illusionist · wall_segment Palisade Wall x1 |
| 4:52 | The Illusionist · wall_segment Palisade Wall x1 |
| 5:33 | The Illusionist · wall_segment Palisade Wall x1 |
| 5:45 | The Illusionist · wall_segment Palisade Wall x1 |
| 5:45 | The Illusionist · wall_segment Palisade Wall x1 |
| 5:46 | The Illusionist · wall_segment Palisade Wall x1 |
| 5:47 | The Illusionist · wall_segment Palisade Wall x3 |
| 6:17 | OS+ | Tiggerr · wall_segment Palisade Wall x1 |
| 6:27 | The Illusionist · wall_segment Palisade Wall x1 |
| 6:30 | The Illusionist · wall_segment Palisade Wall x1 |
| 6:31 | The Illusionist · wall_segment Palisade Wall x1 |
| 6:32 | The Illusionist · wall_segment Palisade Wall x1 |
| 6:36 | The Illusionist · wall_segment Palisade Wall x1 |
| 6:38 | The Illusionist · wall_segment Palisade Wall x1 |
| 6:40 | The Illusionist · wall_segment Palisade Wall x1 |
| 6:42 | The Illusionist · wall_segment Palisade Wall x1 |
| 6:52 | OS+ | Tiggerr · wall_segment Palisade Wall x1 |
| 7:05 | OS+ | Tiggerr · wall_segment Palisade Wall x1 |
| 7:09 | OS+ | Tiggerr · wall_segment Palisade Wall x1 |
| 7:16 | OS+ | Tiggerr · wall_segment Palisade Wall x1 |
| 8:06 | OS+ | Tiggerr · first_building Barracks |
| 10:22 | The Illusionist · wall_segment Palisade Wall x3 |
| 10:32 | The Illusionist · wall_segment Palisade Wall x1 |
| 10:34 | The Illusionist · wall_segment Palisade Wall x1 |
| 10:49 | The Illusionist · wall_segment Palisade Wall x3 |
| 10:51 | The Illusionist · wall_segment Palisade Wall x3 |
| 10:53 | The Illusionist · wall_segment Palisade Wall x2 |
| 10:55 | The Illusionist · wall_segment Palisade Wall x1 |
| 11:05 | OS+ | Tiggerr · wall_segment Palisade Wall x3 |
| 11:11 | The Illusionist · wall_segment Palisade Wall x1 |
| 11:13 | The Illusionist · wall_segment Palisade Wall x2 |
| 11:15 | The Illusionist · wall_segment Palisade Wall x1 |
| 11:16 | The Illusionist · wall_segment Palisade Wall x1 |
| 11:17 | The Illusionist · wall_segment Palisade Wall x1 |
| 11:33 | OS+ | Tiggerr · wall_segment Palisade Wall x1 |
| 11:35 | OS+ | Tiggerr · wall_segment Palisade Wall x2 |
| 11:47 | The Illusionist · wall_segment Palisade Wall x1 |
| 12:04 | The Illusionist · wall_segment Palisade Wall x1 |
| 12:42 | The Illusionist · age_up feudal |
| 13:58 | The Illusionist · first_market_sell 100 stone |
| 14:18 | OS+ | Tiggerr · age_up feudal |
| 14:22 | OS+ | Tiggerr · first_building Stable |
| 14:52 | The Illusionist · wall_segment Palisade Wall x1 |
| 15:02 | The Illusionist · first_market_buy 100 stone |
| 15:33 | The Illusionist · wall_segment Stone Wall x1 |
| 15:47 | The Illusionist · wall_segment Palisade Wall x1 |
| 15:49 | The Illusionist · wall_segment Palisade Wall x1 |
| 16:43 | The Illusionist · age_up castle |
| 17:41 | OS+ | Tiggerr · wall_segment Palisade Wall x1 |
| 17:59 | The Illusionist · first_building Castle |
| 18:32 | The Illusionist · wall_segment Palisade Wall x1 |
| 18:33 | The Illusionist · wall_segment Stone Wall x1 |
| 18:34 | The Illusionist · wall_segment Stone Wall x1 |
| 18:49 | OS+ | Tiggerr · wall_segment Stone Wall x1 |
| 18:52 | OS+ | Tiggerr · wall_segment Stone Wall x5 |
| 18:58 | The Illusionist · wall_segment Palisade Wall x1 |
| 19:06 | OS+ | Tiggerr · age_up castle |
| 19:31 | OS+ | Tiggerr · wall_segment Stone Wall x1 |
| 19:32 | OS+ | Tiggerr · wall_segment Stone Wall x1 |
| 19:45 | OS+ | Tiggerr · first_building Siege Workshop |
| 19:57 | OS+ | Tiggerr · wall_segment Stone Wall x1 |
| 19:58 | OS+ | Tiggerr · wall_segment Stone Wall x1 |
| 19:58 | OS+ | Tiggerr · wall_segment Stone Wall x1 |
| 19:59 | OS+ | Tiggerr · wall_segment Stone Wall x1 |
| 20:14 | OS+ | Tiggerr · first_market_buy 100 stone |
| 21:27 | OS+ | Tiggerr · wall_segment Stone Wall x3 |
| 21:44 | OS+ | Tiggerr · wall_segment Stone Wall x2 |
| 21:45 | The Illusionist · first_building Siege Workshop |
| 21:46 | OS+ | Tiggerr · wall_segment Stone Wall x1 |
| 21:55 | OS+ | Tiggerr · first_building Monastery |
| 22:13 | OS+ | Tiggerr · wall_segment Stone Wall x1 |
| 22:14 | OS+ | Tiggerr · wall_segment Stone Wall x1 |
| 24:48 | The Illusionist · resign |
[ AI ANALYSIS · 1 CREDIT ]
What really happened in this match?
Wolo.gg analyzes every decision: build order, eco, micro, common mistakes by bracket. Personalized analysis on WhatsApp or Discord in 30 seconds.
Civ guide
Malians
Perfil
Jugador #1389164